Map: [ESL] Waterfall

Players

DRG

  • Race: Zerg Zerg
  • Spawn Location: 1:00

ShaDoWn - Winner!

  • Race: Protoss Protoss
  • Spawn Location: 7:00

Event: DreamHack SC2 Masters 2022 Valencia

VOD

Have the link to the VOD?

Description

Time

  • Played on: July 2, 2022, 6:58 a.m.
  • Length: 6:01

All games in this series

Show
View Real Time Build Order
Export as new Build Order

DRG Zerg 

Build Orders: Hatch First 

Get SALT Encoding   

  12  0:00  Drone  
  13  0:12  Overlord  
  13  0:16  Drone  
  14  0:30  Drone x2  
  14  0:34  Drone  
  17  0:52  Hatchery  
  17  0:55  Drone  
  17  0:59  Drone  
  17  1:01  Extractor  
  17  1:14  Spawning Pool  
  17  1:17  Drone  
  17  1:20  Drone  
  18  1:27  Drone  
  19  2:01  Zergling x6  
  22  2:03  Queen  
  22  2:04  Zergling x2  
  25  2:12  Zergling x2  
  25  2:13  Queen  
  28  2:34  Zergling x4  
  21  2:44  Zergling x2  
  21  2:47  Drone  
  23  3:01  Overlord  
  22  3:12  Roach Warren  
  21  3:19  Drone  
  22  3:20  Drone  
  22  3:27  Drone  
  24  3:34  Overlord  
  24  3:52  Roach x2  
  28  3:58  Drone x3  
  32  4:02  Drone  
  32  4:14  Ravager x2  
  32  4:17  Drone  
  35  4:19  Extractor, Overlord  
  34  4:35  Lair  
  34  4:37  Drone  
  35  4:46  Drone  
  36  5:02  Hatchery  
  36  5:04  Roach  
  37  5:07  Roach  
  39  5:18  Overlord  
  39  5:21  Overlord  
  39  5:37  Overseer  
  39  5:39  Nydus Network  
Show
View Real Time Build Order
Export as new Build Order

ShaDoWn Protoss - Winner!

Build Orders:  

Get SALT Encoding   

  12  0:00  Probe  
  13  0:13  Probe  
  14  0:25  Probe  
  14  0:28  Pylon  
  15  0:46  Gateway x2  
  15  0:51  Probe  
  16  1:02  Forge  
  16  1:05  Probe  
  17  1:31  Zealot (Chrono Boost)  
  17  1:32  Zealot (Chrono Boost)  
  17  1:34  Pylon  
  21  1:49  Pylon  
  21  1:53  Zealot  
  23  2:07  Photon Cannon  
  23  2:08  Photon Cannon  
  25  2:10  Photon Cannon  
  25  2:13  Photon Cannon  
  23  2:33  Photon Cannon  
  23  2:34  Probe  
  22  2:41  Assimilator  
  22  2:42  Assimilator  
  22  2:45  Pylon  
  22  2:46  Probe  
  19  2:58  Probe  
  20  3:05  Cybernetics Core  
  20  3:11  Probe  
  21  3:23  Probe  
  22  3:31  Nexus  
  22  3:42  Stargate  
  22  3:45  Probe  
  23  3:54  Adept (Chrono Boost)  
  25  3:58  Adept (Chrono Boost)  
  25  4:02  Probe  
  28  4:08  Pylon  
  28  4:14  Probe  
  29  4:19  Warp Gate  
  33  4:33  Void Ray (Chrono Boost)  
  33  4:34  Probe  
  34  4:45  Probe  
  34  4:48  Probe  
  36  4:58  Probe (Chrono Boost)  
  37  5:00  Oracle (Chrono Boost)  
  37  5:05  Probe (Chrono Boost)  
  42  5:09  Probe (Chrono Boost)  
  42  5:10  Gateway  
  42  5:13  Probe x2 (Chrono Boost)  
  42  5:24  Probe x2  
  44  5:29  Gateway  
  44  5:30  Pylon  
  44  5:36  Probe x2  
  44  5:37  Gateway  
  46  5:48  Probe x2  

Tags
 
Add a new tag
Caveats
  • Supply blocks, unpowered buildings, or Contaminate may cause inaccurate times.
  • Supply counts are checked every 10 seconds.